 Dungeon Crawl Stone Soup version 0.27-a0-1200-g94dc6ad (webtiles) character file.

Game seed: 15041392977118102660

58 Meow the Stinger (level 4, 36/36 HPs)
             Began as a Naga Venom Mage on May 30, 2021.
             Quit the game on level 2 of the Dungeon.
             The game lasted 00:07:48 (1676 turns).

Meow the Stinger (Naga Venom Mage)                  Turns: 1676, Time: 00:07:49

Health: 36/36      AC:  2    Str: 10    XL:     4   Next: 1%
Magic:  8/8        EV: 10    Int: 16    God:
Gold:   63         SH:  0    Dex: 12    Spells: 2/9 levels left

rFire    . . .     SeeInvis +   a - +0 dagger
rCold    . . .     Faith    .   (no shield)
rNeg     . . .     Spirit   .   c - +0 robe
rPois    +         Reflect  .   (no helmet)
rElec    .         Harm     .   (no cloak)
rCorr    .         Rampage  .   (no gloves)
Will     .....                  (no barding)
Stlth    ++........             (no amulet)
HPRegen  0.12/turn              (no ring)
MPRegen  0.11/turn              (no ring)

@: short of breath, very slow
A: AC +1, large, see invisible, deformed body, poison resistance, slowness 2,
spit poison 1, naga tail 1
a: Spit Poison


You were on level 2 of the Dungeon.
You visited 1 branch of the dungeon, and saw 2 of its levels.

You collected 63 gold pieces.

Inventory:

Hand Weapons
 a - a +0 dagger (weapon)
Missiles
 b - 17 bolts
Armour
 c - a +0 robe (worn)
Scrolls
 d - a scroll of noise {unknown}
 e - a scroll of teleportation {unknown}
 g - 2 scrolls of identify {unknown}
 h - a scroll of immolation {unknown}
Potions
 f - a potion of lignification {unknown}


   Skills:
 - Level 1.5 Dodging
 - Level 3.9 Stealth
 * Level 3.3 Spellcasting
 - Level 1.2 Conjurations
 - Level 1.0 Transmutations
 - Level 4.0 Poison Magic


You had 2 spell levels left.
You knew the following spells:

 Your Spells              Type           Power      Damage    Failure   Level
a - Sting                 Tmut/Pois      40%        1d5       6%          1
c - Mephitic Cloud        Conj/Pois/Air  8%         N/A       26%         3
C - Ignite Poison         Fire/Tmut/Pois 8%         N/A       26%         3

Your spell library contained the following spells:

 Spells                   Type           Power      Damage    Failure   Level
 Poisonous Vapours        Pois/Air       18%        N/A       12%         2
 Animate Skeleton         Necr           4%         N/A       19%         1
 Apportation              Tloc           4%         N/A       19%         1
 Corona                   Hex            2%         N/A       19%         1
 Summon Small Mammal      Summ           8%         N/A       19%         1
 Olgreb's Toxic Radiance  Pois           15%        N/A       34%         4


Dungeon Overview and Level Annotations

Branches:
Dungeon (2/15)

Altars:

Shops:
D:1 *


Innate Abilities, Weirdness & Mutations

Your serpentine skin is tough. (AC +1)
You have supernaturally acute eyesight. (SInv)
Armour fits poorly on your strangely shaped body.
Your system is resistant to poisons. (rPois)
You cover ground very slowly.
You can spit poison.
You have a snake-like lower body.


Message History

Press: ? - help, Shift-Dir - straight line, f - endoplasm
Aim: an endoplasm (asleep)
The splash of poison hits the endoplasm.
The endoplasm is poisoned.
The endoplasm is lightly wounded.
Unknown command.
Casting: Sting (safe; 7% risk of failure)
Confirm with . or Enter, or press ? or * to list all spells.
Aiming: Sting (safe; 7% risk of failure)
Press: ? - help, Shift-Dir - straight line, f/p - endoplasm
Aim: an endoplasm (heavily wounded, poisoned, 98% to hit)
The sting hits the endoplasm.
The endoplasm partially resists.
The endoplasm is severely wounded.
You kill the endoplasm!
Casting: Sting (safe; 7% risk of failure)
Confirm with . or Enter, or press ? or * to list all spells.
You can't see any susceptible monsters within range! (Use Z to cast anyway.) Unknown command.
You start resting.
You have got your breath back.
You start resting.
Magic restored.
A ball python comes into view.
Found 12 sling bullets.
Press: ? - help, Shift-Dir - straight line, f - ball python
Aim: a ball python (asleep)
The splash of poison hits the ball python.
You kill the ball python!
Unknown command.
A goblin comes into view. It is wielding a +0 club.
You have got your breath back.
Found a scroll labelled OLEB HERUTROMORI.
Found 17 stones.
Press: ? - help, Shift-Dir - straight line, f - goblin
Aim: a goblin, wielding a +0 club The splash of poison hits the goblin!
You kill the goblin!
You have reached level 4!
You feel agile.
Are you sure you want to abandon this character and quit the game? (Confirm with "yes".)

..........# #.#######.##
..........## #.# #......
.########..# #.# #.##.##
. ##.## #.####.##.##
..######..# #.##.......#
(......##.# #.##........
....... #.# #.##........
##.....##.###.##........
.......@............#...
##.....##.###†#####.#.##
#....)..... #.#.#
#.(..?##..#.. #.#.#
#.#... ...# .# #. # ....
##.. # ..... ... #.....
...


There were no monsters in sight!

Vanquished Creatures
  An adder (D:2)
  A dart slug (D:1)
  2 ball pythons
  A bat (D:2)
  3 endoplasms
  4 giant cockroaches
  5 goblins
  5 hobgoblins
  8 jackals
  2 kobolds (D:1)
  A quokka (D:1)
  4 frilled lizards
  A rat (D:1)
38 creatures vanquished.

Notes
Turn   | Place    | Note
-------+----------+-------------------------------------------
     0 | D:1      | Meow the Naga Venom Mage began the quest for the Orb.
     0 | D:1      | Reached XP level 1. HP: 15/15 MP: 3/3
    40 | D:1      | Found Daot's General Store.
   144 | D:1      | Reached XP level 2. HP: 22/22 MP: 3/5
   282 | D:1      | Reached skill level 1 in Conjurations
   619 | D:1      | Reached XP level 3. HP: 28/28 MP: 6/6
   624 | D:1      | Learned a level 3 spell: Mephitic Cloud
   675 | D:1      | Learned a level 3 spell: Ignite Poison
  1676 | D:2      | Reached XP level 4. HP: 36/36 MP: 8/8
  1676 | D:2      | Quit the game

Illustrated notes

Levels and vault maps discovered:
D:1:      dpeg_arrival_rhombus, layout_rooms, serial_shops,
          nicolae_shop_competitors_out_of_business, st_stairs_13
D:2:      layout_basic, st_stairs_13, kennysheep_pointless_box,
          minmay_misc_feat_more_columns, amcnicky_mini_corridor_feature

Skill      XL: |  1  2  3 |
---------------+----------+-----
Conjurations   | 1 |  1.2
Spellcasting   | 3 |  3.3
Dodging        | |  1.5
Stealth        | |  3.9
Transmutations | |  1.0
Poison Magic   | |  4.0

Action                   |  1- 3 |  4- 6 || total
-------------------------+-------+-------++-------
Melee: Dagger            |     6 |       ||     6
 Cast: Sting             |    32 |       ||    32
       Mephitic Cloud    |     2 |       ||     2
 Abil: Spit Poison       |    46 |       ||    46
Armor: Robe              |     3 |       ||     3
Dodge: Dodged            |    18 |       ||    18

Table legend: (Time is in decaauts)
 A = Elapsed time spent in this place.
 B = Non-inter-level travel time spent in this place.
 C = Inter-level travel time spent in this place.
 D = Time resting spent in this place.
 E = Time spent auto-exploring this place.
 F = Levels seen in this place.
 G = Mean time per level.
                   A        B        C        D        E       F      G
               +--------+--------+--------+--------+--------+-----+--------+
         Total |   2087 |   2034 |     53 |    444 |   1213 |   2 | 1043.5 |
       Dungeon |   2087 |   2034 |     53 |    444 |   1213 |   2 | 1043.5 |
               +--------+--------+--------+--------+--------+-----+--------+

Top non-repeatable levels by time:
     D:1: 1201 daAuts
     D:2: 885 daAuts
